Map: [ESL] Data-C

Players

Namshar - Winner!

  • Race: Zerg Zerg
  • Spawn Location: 3:00

PiLiPiLi

  • Race: Protoss Protoss
  • Spawn Location: 9:00

Event: DreamHack SC2 Masters 2022 Atlanta (Online)

VOD

Have the link to the VOD?

Description

Time

  • Played on: Oct. 5, 2022, 3:52 p.m.
  • Length: 14:54

All games in this series

Show
View Real Time Build Order
Export as new Build Order

Namshar Zerg - Winner!

Build Orders: Hatch First, Roach Nydus 

Get SALT Encoding   

  12  0:00  Drone  
  13  0:12  Overlord  
  13  0:16  Drone  
  14  0:30  Drone x2  
  16  0:47  Hatchery  
  15  0:51  Drone  
  15  0:55  Drone  
  17  0:58  Drone  
  18  1:09  Extractor  
  17  1:14  Spawning Pool  
  17  1:16  Drone  
  17  1:20  Drone  
  18  1:28  Drone  
  19  1:38  Drone  
  20  1:49  Drone  
  21  2:00  Queen x2  
  21  2:01  Drone, Overlord  
  26  2:11  Drone x2  
  28  2:21  Drone  
  29  2:23  Overlord  
  29  2:34  Drone x2  
  29  2:36  Queen  
  29  2:37  Lair  
  33  2:45  Drone x2  
  35  2:53  Overlord  
  35  2:54  Drone  
  36  3:00  Hatchery  
  36  3:05  Overlord  
  35  3:07  Drone  
  35  3:11  Drone x2  
  35  3:12  Drone  
  39  3:15  Drone  
  40  3:21  Drone, Roach Warren  
  40  3:24  Drone  
  41  3:27  Spore Crawler  
  41  3:30  Drone  
  41  3:33  Drone  
  42  3:34  Drone  
  42  3:35  Extractor  
  42  3:41  Drone x2  
  42  3:43  Queen  
  42  3:47  Overlord  
  46  3:49  Drone  
  46  3:50  Drone  
  46  3:53  Spore Crawler  
  47  3:59  Overlord  
  47  4:00  Glial Reconstitution  
  47  4:01  Drone  
  47  4:02  Drone  
  49  4:04  Drone  
  49  4:07  Drone  
  51  4:12  Drone x3  
  54  4:20  Drone  
  54  4:21  Drone x5  
  54  4:23  Extractor  
  59  4:25  Extractor  
  59  4:26  Spore Crawler, Drone  
  59  4:31  Drone x2  
  59  4:33  Overlord  
  60  4:39  Overlord  
  60  4:40  Overlord  
  62  4:45  Roach  
  62  4:48  Roach  
  62  4:49  Roach x4  
  72  4:59  Overlord x2  
  72  5:01  Queen  
  74  5:08  Nydus Network  
  74  5:12  Roach x5  
  83  5:15  Overlord  
  83  5:19  Roach x2  
  87  5:30  Roach x5  
  97  5:36  Overlord  
  97  5:40  Roach  
  97  5:41  Roach x3  
  105  5:47  Roach x3  
  109  5:59  Nydus Canal  
  109  6:00  Overlord  
  109  6:01  Overlord x2  
  109  6:05  Queen  
  109  6:06  Queen  
  107  6:14  Roach x4  
  111  6:18  Roach  
  111  6:19  Roach x2  
  111  6:24  Roach x2  
  113  6:29  Roach  
  113  6:30  Roach x2  
  111  6:35  Roach x2  
  113  6:41  Roach x3  
  109  6:48  Drone x6  
  109  6:52  Nydus Canal  
  105  6:58  Queen x2  
  105  7:05  Drone x5  
  96  7:22  Spire  
  95  7:24  Queen  
  95  7:25  Extractor x2  
  95  7:27  Spore Crawler  
  95  7:28  Spore Crawler  
  93  7:34  Queen x2  
  97  7:37  Nydus Canal  
  97  7:42  Drone  
  97  7:43  Drone x2  
  96  7:44  Spore Crawler  
  96  7:45  Spore Crawler  
  94  8:09  Queen  
  80  8:33  Corruptor x6  
  76  8:40  Hatchery  
  79  8:45  Queen  
  79  8:46  Corruptor x3  
  83  9:18  Hatchery  
  82  9:25  Lair  
  82  9:28  Corruptor x2  
  82  9:29  Corruptor  
  88  9:36  Hatchery  
  87  9:48  Corruptor x3  
  87  9:51  Extractor  
  92  9:55  Extractor  
  91  10:04  Corruptor  
  93  10:13  Overlord x2  
  93  10:15  Overlord  
  93  10:25  Evolution Chamber  
  93  10:27  Corruptor  
  94  10:32  Extractor x2  
  92  10:40  Overlord  
  92  10:44  Corruptor  
  94  10:52  Drone x4  
  94  10:53  Drone  
  94  10:56  Queen  
  101  10:59  Roach  
  101  11:00  Roach x3  
  101  11:02  Overlord  
  109  11:10  Overlord x2  
  109  11:11  Zerg Missile Weapons Level 1  
  109  11:22  Roach x7  
  123  11:30  Queen x2  
  127  11:35  Corruptor x2  
  127  11:39  Drone x6  
  129  11:45  Drone x4  
  133  11:54  Drone x2  
  133  11:56  Overlord  
  133  11:57  Overlord  
  133  12:00  Drone x2  
  133  12:01  Drone, Extractor  
  138  12:02  Drone  
  138  12:03  Drone  
  138  12:04  Drone  
  138  12:05  Drone  
  141  12:28  Corruptor x3  
  141  12:30  Roach x8  
  157  12:40  Drone  
  157  12:41  Spire  
  157  12:48  Roach x2  
  157  12:49  Roach x5  
  157  12:51  Ravager x5  
  173  12:52  Ravager x3  
  177  12:59  Ravager  
  178  13:11  Roach x10  
  184  13:15  Roach  
  184  13:16  Roach x2  
  182  13:25  Evolution Chamber  
  182  13:26  Baneling Nest  
  180  13:29  Ravager x2  
  178  13:35  Roach x6  
  166  13:50  Zergling x28  
  180  13:58  Zergling x10  
  168  14:03  Roach x3  
  170  14:16  Roach  
  170  14:17  Roach x6  
  176  14:24  Roach  
  176  14:25  Roach  
  167  14:45  Ravager x9  
  185  14:53  Ravager  
Show
View Real Time Build Order
Export as new Build Order

PiLiPiLi Protoss 

Build Orders: 1 Gate Expand 

Get SALT Encoding   

  12  0:00  Probe  
  13  0:12  Probe  
  14  0:20  Pylon  
  14  0:25  Probe  
  15  0:29  Assimilator  
  15  0:38  Probe (Chrono Boost)  
  16  0:45  Gateway  
  16  0:49  Probe (Chrono Boost)  
  17  0:54  Probe (Chrono Boost)  
  18  1:04  Probe  
  19  1:17  Probe  
  20  1:24  Nexus  
  20  1:34  Cybernetics Core  
  20  1:37  Probe  
  21  1:42  Assimilator  
  21  1:49  Probe  
  21  1:51  Pylon  
  23  2:01  Probe  
  23  2:07  Stalker (Chrono Boost)  
  23  2:13  Probe  
  26  2:16  Stargate  
  26  2:22  Warp Gate  
  26  2:25  Probe  
  27  2:33  Zealot  
  27  2:36  Probe  
  30  2:37  Probe  
  31  2:48  Probe  
  31  2:49  Probe  
  33  3:01  Probe x2  
  33  3:04  Fleet Beacon  
  35  3:13  Probe  
  35  3:16  Gateway  
  35  3:17  Probe  
  37  3:21  Assimilator  
  37  3:25  Probe  
  38  3:29  Probe  
  38  3:31  Stargate  
  39  3:37  Probe, Assimilator  
  40  3:41  Probe  
  40  3:44  Pylon  
  41  3:49  Probe  
  41  3:54  Probe  
  43  4:00  Tempest (Chrono Boost)  
  43  4:01  Probe  
  49  4:03  Pylon  
  49  4:06  Probe  
  50  4:13  Probe  
  51  4:18  Tempest (Chrono Boost), Pylon  
  51  4:19  Probe  
  57  4:25  Probe  
  58  4:32  Probe  
  58  4:35  Tempest (Chrono Boost)  
  58  4:38  Pylon  
  64  4:41  Probe  
  65  4:49  Probe  
  66  4:53  Pylon  
  66  4:59  Tempest (Chrono Boost)  
  71  5:10  Zealot x2  
  71  5:14  Tempest (Chrono Boost)  
  75  5:20  Pylon  
  80  5:26  Nexus  
  80  5:29  Pylon  
  80  5:41  Probe x2  
  86  5:47  Shield Battery  
  86  5:50  Void Ray (Chrono Boost)  
  86  5:53  Twilight Council  
  86  5:54  Probe  
  86  5:55  Gateway  
  86  5:56  Probe  
  88  5:59  Shield Battery  
  88  6:08  Stalker  
  88  6:09  Stalker  
  87  6:14  Unknown  
  87  6:15  Gateway  
  87  6:25  Void Ray (Chrono Boost)  
  94  6:27  Void Ray (Chrono Boost)  
  74  6:53  Cybernetics Core  
  66  7:02  Zealot x2, Probe  
  66  7:03  Probe  
  70  7:15  Probe x2  
  72  7:29  Probe x2 (Chrono Boost)  
  78  7:39  Probe (Chrono Boost)  
  78  7:40  Zealot, Void Ray  
  78  7:42  Zealot  
  83  7:54  Probe x2  
  85  8:01  Pylon  
  85  8:12  Probe  
  78  8:13  Probe  
  73  8:25  Probe  
  73  8:27  Probe, Void Ray  
  74  8:28  Zealot  
  74  8:37  Probe  
  74  8:39  Probe  
  74  8:40  Sentry  
  78  8:41  Shield Battery  
  78  8:49  Probe  
  78  8:51  Probe  
  80  9:07  Probe  
  77  9:10  Probe  
  81  9:17  Void Ray (Chrono Boost)  
  81  9:19  Probe  
  81  9:23  Probe  
  77  9:26  Oracle (Chrono Boost)  
  77  9:30  Pylon  
  77  9:31  Probe  
  78  9:35  Probe  
  79  9:40  Flux Vanes  
  79  9:43  Probe  
  84  9:46  Sentry  
  84  9:48  Void Ray (Chrono Boost), Probe  
  84  9:51  Pylon  
  87  9:55  Probe  
  88  10:00  Probe  
  89  10:07  Probe  
  89  10:13  Probe, Stalker  
  89  10:14  Stalker  
  99  10:23  Void Ray  
  99  10:32  Nexus  
  99  10:37  Pylon  
  99  10:44  Pylon  
  99  10:52  Pylon  
  103  11:01  Void Ray  
  103  11:02  Blink (Chrono Boost)  
  103  11:07  Pylon  
  103  11:12  Stalker  
  103  11:13  Stalker  
  102  11:24  Stalker  
  101  11:33  Phoenix  
  97  11:42  Stalker x2  
  97  11:44  Probe x2  
  97  11:45  Probe  
  104  11:53  Gateway  
  104  11:55  Gateway  
  104  11:56  Probe  
  104  11:57  Gateway  
  105  12:01  Stalker  
  105  12:05  Stalker  
  105  12:07  Stalker  
  111  12:12  Templar Archives  
  107  12:31  Stalker  
  107  12:32  Stalker x2  
  113  12:39  Probe  
  113  12:40  Probe  
  113  12:43  Forge  
  115  12:48  Stalker  
  115  12:51  Stalker  
  119  12:55  Stalker x2  
  119  12:56  Stalker x2  
  98  13:17  Stalker x2  
  88  13:20  Stalker x3  
  88  13:21  Stalker  
  88  13:24  Photon Cannon  
  88  13:26  Assimilator  
  96  13:34  Assimilator  
  94  13:42  Stalker  
  90  13:49  Stalker x2  
  90  13:50  Stalker x2  
  88  14:07  Stalker x2  
  92  14:16  Stalker x4  
  76  14:39  Stalker x6  
Tags
 
Add a new tag
Caveats
  • Supply blocks, unpowered buildings, or Contaminate may cause inaccurate times.
  • Supply counts are checked every 10 seconds.